 Dungeon Crawl Stone Soup version 0.31-a0-435-g2c6fae2916 (webtiles) character file.

Game seed: 166771862616654429

11530 BritishOli the Fighter (level 11, -2/95 HPs)
             Began as a Demonspawn Fighter on Aug 1, 2023.
             Was a Priest of Makhleb.
             Killed from afar by an acid dragon (28 damage)
             ... with a splash of acid
             ... on level 10 of the Dungeon.
             The game lasted 00:22:19 (11146 turns).

BritishOli the Fighter (Demonspawn Fighter)        Turns: 11146, Time: 00:22:19

Health: -2/95      AC: 21    Str: 20    XL:     11   Next: 50%
Magic:  11/11      EV:  3    Int: 19    God:    Makhleb [***...]
Gold:   339        SH:  6    Dex: 19    Spells: 10/10 levels left

rFire   . . .        L - +3 battleaxe
rCold   . . .        (shield currently unavailable)
rNeg    . . .        J - +8 orange crystal plate armour {Archmagi, Int+3 Clar}
rPois   +            (helmet restricted)
rElec   .            F - +0 cloak
rCorr   .            (no gloves)
SInv    .            (no boots)
Will    +....        (no amulet) Stlth
                     y - +6 ring of dexterity
HPRegen 0.35/turn    C - ring of the Zebra {+Blink rPois Will+ Int+6}
MPRegen 0.12/turn

%: clarity, archmagi
@: unable to read
A: horns 2, large bone plates 2, foul stench 2, powered by death 1, talons 1,
deformed body, mutation resistance 1, inability to read after injury 1
a: Renounce Religion, Evoke Blink, Minor Destruction, Lesser Servant of Makhleb


You were on level 10 of the Dungeon.
You worshipped Makhleb.
Makhleb was most pleased with you.
You visited 2 branches of the dungeon, and saw 11 of its levels.
You also visited: Sewer and Bailey.

You collected 459 gold pieces.
You spent 120 gold pieces at shops.

Inventory:

Hand Weapons
 L - a +3 battleaxe (weapon)
Missiles
 x - 3 throwing nets
Armour
 F - a +0 cloak (worn)
 J - the +8 orange crystal plate armour (worn) {Archmagi, Int+3 Clar}
   (You found it in a bailey)

   Int:       It affects your intelligence (+3).
   Clar:      It protects you from confusion, rage, mesmerisation and fear.
Jewellery
 g - a +5 ring of evasion
 j - a ring of resist corrosion
 k - a +4 ring of protection
 y - a +6 ring of dexterity (left hand)
 C - the ring of the Zebra (right hand) {+Blink rPois Will+ Int+6}
   (You bought it in a shop on level 5 of the Dungeon)

   [ring of intelligence]

   Int:       It affects your intelligence (+6).
   rPois:     It protects you from poison.
   +Blink:    It lets you blink.
   Will:      It increases your willpower.
 M - a ring of see invisible
Wands
 c - a wand of paralysis (11)
 D - a wand of light (4)
 E - a wand of iceblast (8)
 K - a wand of polymorph (11)
Scrolls
 a - 2 scrolls of identify
 i - 3 scrolls of poison
 l - 2 scrolls of teleportation
 m - 2 scrolls of brand weapon {unknown}
 p - 3 scrolls of vulnerability
 q - a scroll of summoning {unknown}
 r - 4 scrolls of fog
 s - a scroll of torment {unknown}
 w - a scroll of revelation {unknown}
 A - 4 scrolls of noise
 G - a scroll of enchant armour {unknown}
 H - a scroll of enchant weapon {unknown}
Potions
 d - a potion of cancellation {unknown}
 e - a potion of berserk rage {unknown}
 f - 3 potions of heal wounds
 h - a potion of degeneration
 n - a potion of ambrosia
 o - 2 potions of curing
 t - 3 potions of brilliance {unknown}
 u - 3 potions of attraction
 v - 2 potions of haste {unknown}
 z - a potion of enlightenment {unknown}
 B - 4 potions of invisibility {unknown}
 I - a potion of might


   Skills:
 * Level 11.8 Fighting
 * Level 10.6 Axes
 + Level 8.2 Armour
 - Level 4.0 Shields


You had 10 spell levels left.
You didn't know any spells.
Your spell library contained the following spells:

 Spells                   Type           Power      Damage    Failure   Level
 Apportation              Tloc           0%         N/A       100%        1
 Magic Dart               Conj           0%         1d3       100%        1
 Ignite Poison            Fire/Tmut/Pois 0%         N/A       100%        3
 Inner Flame              Hex/Fire       0%         N/A       100%        3
 Vhi's Electric Charge    Tloc/Air       0%         N/A       100%        3
 Flame Wave               Conj/Fire      0%         2d4       100%        4
 Sticky Flame             Conj/Fire      0%         2d3       100%        4
 Alistair's Intoxication  Tmut/Pois      0%         N/A       100%        5
 Arcjolt                  Conj/Air       0%         1d10      100%        5
 Leda's Unmaking          Conj/Erth      0%         9d1       100%        6
 Orb of Destruction       Conj           0%         9d5       100%        7
 Ignition                 Fire           0%         3d3       100%        8
 Maxwell's Capacitive Co  Air            0%         ∞         100%        8


Dungeon Overview and Level Annotations

Branches:
Dungeon (10/15)            Temple (1/1) D:7            Lair (0/5) D:10
  Sewer (visited)          Bailey (visited)
    Orc: D:9-12

Altars:
Ashenzari
Cheibriados
Dithmenos
Fedhas
Gozag
Hepliaklqana
Kikubaaqudgha
Makhleb
Nemelex Xobeh
Okawaru
Qazlal
Ru
Sif Muna
Uskayaw
Vehumet
Wu Jian
Xom
Yredelemnul

Shops:
D:5 *


Innate Abilities, Weirdness & Mutations

You have a pair of horns on your head.
You are mostly covered in large bone plates. (SH +6)
You sometimes emit foul miasma when damaged in melee.
You regenerate a little health from kills.
You have sharp toenails.
Armour fits poorly on your strangely shaped body.
You are somewhat resistant to further mutation.
You occasionally lose the ability to read scrolls when taking damage.


Message History

An acid dragon is nearby!
A water moccasin comes into view.
The water moccasin hisses angrily.
The acid dragon spits acid at you. The splash of acid hits you!
You hear a shout!
You are too injured to fight recklessly!
The acid dragon spits acid at you. The splash of acid hits you!
You are too injured to fight recklessly!
You are too injured to fight recklessly!
You are too injured to fight recklessly!
You slash the water moccasin! Your kick misses the water moccasin.
The water moccasin is moderately wounded.
The water moccasin bites you but does no damage.
The centaur shouts!
You slice the water moccasin!!
You kill the water moccasin!
Makhleb accepts your kill.
The centaur wields a +0 orcbow.
The centaur shoots an arrow.
The arrow hits you.
The centaur shoots an arrow.
You block the arrow. The acid dragon spits acid at you.
You block the splash of acid.
The centaur shoots an arrow.
The arrow hits you.
As you read the scroll of fog, it dissolves into smoke.
The acid dragon attacks as you move away!
The acid dragon bites you.
* * * LOW HITPOINT WARNING * * *
The acid dragon claws you.
* * * LOW HITPOINT WARNING * * *
You closely miss the acid dragon.
You are no longer corroded.
The acid dragon bites you but does no damage.
The acid dragon claws you but does no damage.
You closely miss the acid dragon.
You headbutt the acid dragon, but do no damage.
The acid dragon spits acid at you. The splash of acid hits you!!
You feel threatened and lose the ability to read scrolls!
You die...

###..>##.†..##......##
#.....####..###......##
#.....[###..##........#
#......#....##........#
.............#####..[.###
.##............###....#
#............[[....##
#..#.........##...##
##.#####.@#....#.##..#
... #..§Dc§.....#.##
#..###..§§§§.§...#.#
#...>...§§§§§§.....##
##.........§§§§......###.
......)...§§§§§......#...
......♣).)§§§§..........
.#........P.P........#
##......P........c..## ..


You could see an acid dragon (catching breath) and a centaur.

Vanquished Creatures
  Amaemon (D:9)
  An orc knight (Bailey)
  A deep elf pyromancer (Bailey)
  An orange demon (D:9)
  Grinder (D:4)
  Prince Ribbit (D:9)
  2 wyverns (D:10)
  A wraith (D:9)
  2 shadows
  15 yaks
  A fire elemental (D:9)
  A basilisk (D:10)
  4 fire bats (D:9)
  2 steam dragons
  A hell hound (D:9)
  3 water moccasins (D:10)
  Duvessa (D:4)
  2 ice beasts
  2 black bears
  A hornet zombie (D:7)
  7 orc warriors
  A sky beast (D:7)
  8 centaurs
  A phantom (D:6)
  5 kobold brigands
  4 bullfrogs
  A wyvern zombie (D:7)
  5 scorpions
  14 wights
  Dowan (D:4)
  6 howler monkeys (D:9)
  2 lava snakes (D:9)
  2 jellies
  A gnoll bouda (D:6)
  5 hounds
  Crazy Yiuf (D:6)
  A sleepcap (D:6)
  2 iguanas
  2 orc wizards
  2 howler monkey zombies (D:7)
  Robin (D:4)
  15 gnolls
  24 adders
  2 river rats (Sewer)
  A white imp (D:5)
  2 ufetubi (D:6)
  5 worms
  4 dart slugs
  36 orcs
  9 ball pythons
  20 bats
  9 endoplasms
  5 giant cockroaches
  16 goblins
  13 hobgoblins
  13 jackals
  30 kobolds
  2 quokkas
  A frilled lizard (D:3)
  14 rats
337 creatures vanquished.

Notes
Turn   | Place    | Note
-------+----------+-------------------------------------------
     0 | D:1      | BritishOli the Demonspawn Fighter began the quest for the
                  | Orb.
     0 | D:1      | Reached XP level 1. HP: 18/18 MP: 1/1
    29 | D:1      | Gained mutation: You have a pair of small horns on your
                  | head. [demonic ancestry]
    29 | D:1      | Reached XP level 2. HP: 17/24 MP: 2/2
   194 | D:1      | HP: 1/24 [poisoned by a kobold]
   697 | D:1      | Gained mutation: You may rarely emit foul miasma when
                  | damaged in melee. [demonic ancestry]
   697 | D:1      | Reached XP level 3. HP: 29/29 MP: 3/3
  1130 | D:2      | Reached XP level 4. HP: 30/36 MP: 4/4
  1762 | D:3      | Found a glowing drain.
  1766 | Sewer    | Entered a sewer
  1809 | Sewer    | Noticed a kobold brigand
  1827 | Sewer    | Killed a kobold brigand
  1828 | Sewer    | Reached skill level 4 in Fighting
  1828 | Sewer    | Gained mutation: You regenerate a little health from kills.
                  | [demonic ancestry]
  1828 | Sewer    | Reached XP level 5. HP: 12/42 MP: 5/5
  2182 | Sewer    | Gained mutation: You are partially covered in large bone
                  | plates. (SH +4) [demonic ancestry]
  2182 | Sewer    | Reached XP level 6. HP: 43/48 MP: 6/6
  2665 | D:3      | Found a faded altar of an unknown god.
  2740 | D:3      | Found a stormy altar of Qazlal.
  3087 | D:3      | Found a hide-covered altar of Uskayaw.
  3344 | D:4      | Noticed Duvessa
  3344 | D:4      | Noticed Dowan
  3555 | D:4      | Noticed Grinder
  3568 | D:4      | Gained mutation: You are frail. (-10% HP) [potion of
                  | mutation]
  3568 | D:4      | Gained mutation: You have sharp fingernails. [potion of
                  | mutation]
  3572 | D:4      | Lost mutation: You have sharp fingernails. [potion of
                  | mutation]
  3572 | D:4      | Lost mutation: You are frail. (-10% HP) [potion of
                  | mutation]
  3572 | D:4      | Gained mutation: Your mind is acute. (Int +4, Str/Dex -1)
                  | [potion of mutation]
  3572 | D:4      | Gained mutation: You are vulnerable to cold. (rC-) [potion
                  | of mutation]
  3575 | D:4      | Killed Grinder
  3576 | D:4      | Reached skill level 5 in Fighting
  3576 | D:4      | Reached XP level 7. HP: 10/56 MP: 7/7
  3787 | D:4      | Noticed Robin
  3802 | D:4      | Killed Robin
  3949 | D:4      | Killed Duvessa
  3984 | D:4      | Killed Dowan
  4314 | D:4      | Reached skill level 6 in Fighting
  4314 | D:4      | Reached skill level 5 in Axes
  4419 | D:5      | Entered Level 5 of the Dungeon
  4419 | D:5      | Found Isenaskuejy's Assorted Antiques.
  4427 | D:5      | Reached XP level 8. HP: 64/64 MP: 8/8
  4437 | D:5      | Bought a faintly glowing iron ring for 120 gold pieces
  4437 | D:5      | Identified the ring of the Zebra {+Blink rPois Will+ Int+6}
                  | (You bought it in a shop on level 5 of the Dungeon)
  4677 | D:6      | Reached skill level 5 in Armour
  4920 | D:6      | Found a large runed translucent door.
  4921 | D:6      | Found a large runed translucent door.
  5344 | D:5      | Reached skill level 7 in Fighting
  5460 | D:5      | Lost mutation: You are vulnerable to cold. (rC-) [potion of
                  | mutation]
  5460 | D:5      | Lost mutation: Your mind is acute. (Int +4, Str/Dex -1)
                  | [potion of mutation]
  5460 | D:5      | Gained mutation: You are vulnerable to heat. (rF-) [potion
                  | of mutation]
  5986 | D:6      | Found a runed translucent door.
  5987 | D:6      | Noticed Crazy Yiuf
  6335 | D:6      | Found a sacrificial altar of Ru.
  6342 | D:6      | Gained mutation: You sometimes emit foul miasma when
                  | damaged in melee. [demonic ancestry]
  6342 | D:6      | Reached XP level 9. HP: 67/72 MP: 9/9
  6347 | D:6      | Found a blossoming altar of Fedhas.
  6480 | D:6      | Killed Crazy Yiuf
  6626 | D:7      | Found a staircase to the Ecumenical Temple.
  6642 | Temple   | Entered the Ecumenical Temple
  6650 | Temple   | Became a worshipper of Makhleb the Destroyer
  6851 | D:7      | Found a shimmering blue altar of Sif Muna.
  6916 | D:7      | Reached skill level 8 in Fighting
  7115 | D:7      | Found a flagged portal.
  7134 | Bailey   | Entered a bailey
  7170 | Bailey   | Reached * piety under Makhleb
  7175 | Bailey   | Noticed an orc knight
  7200 | Bailey   | Killed an orc knight
  7201 | Bailey   | Reached skill level 9 in Fighting
  7218 | Bailey   | Found a large runed translucent door.
  7218 | Bailey   | Found a large runed translucent door.
  7221 | Bailey   | Found the +8 orange crystal plate armour {Archmagi, Int+3
                  | Clar}
  7228 | Bailey   | Noticed a deep elf pyromancer
  7332 | Bailey   | Killed a deep elf pyromancer
  7333 | Bailey   | Gained mutation: You are mostly covered in large bone
                  | plates. (SH +6) [demonic ancestry]
  7333 | Bailey   | Reached XP level 10. HP: 59/83 MP: 10/10
  7360 | Bailey   | Lost mutation: You are vulnerable to heat. (rF-) [potion of
                  | mutation]
  7360 | Bailey   | Gained mutation: You are covered in fur. (AC +1) [potion of
                  | mutation]
  7360 | Bailey   | Gained mutation: You occasionally lose the ability to read
                  | scrolls when taking damage. [potion of mutation]
  7360 | Bailey   | Gained mutation: You expend magic power (3 MP) to
                  | strengthen your wands. [potion of mutation]
  7360 | Bailey   | Gained mutation: You are covered in thick fur. (AC +2)
                  | [potion of mutation]
  7367 | Bailey   | Got the Volume of Combat Magic
  7368 | Bailey   | Lost mutation: You are covered in thick fur. (AC +2)
                  | [potion of mutation]
  7368 | Bailey   | Lost mutation: You are covered in fur. (AC +1) [potion of
                  | mutation]
  7368 | Bailey   | Gained mutation: Your movements are slightly less
                  | encumbered by armour. (ER -2) [potion of mutation]
  7750 | D:7      | Found a snail-covered altar of Cheibriados.
  8263 | D:8      | Reached skill level 10 in Fighting
  8399 | D:8      | HP: 4/85 [something (25)]
  8625 | D:8      | Found an opulent altar of Gozag.
  8645 | D:8      | Reached ** piety under Makhleb
  9036 | D:8      | Lost mutation: You expend magic power (3 MP) to strengthen
                  | your wands. [potion of mutation]
  9036 | D:8      | Lost mutation: Your movements are slightly less encumbered
                  | by armour. (ER -2) [potion of mutation]
  9036 | D:8      | Gained mutation: Armour fits poorly on your strangely
                  | shaped body. [potion of mutation]
  9036 | D:8      | Gained mutation: You have sharp toenails. [potion of
                  | mutation]
  9036 | D:8      | Gained mutation: You are somewhat resistant to further
                  | mutation. [potion of mutation]
  9259 | D:9      | Noticed Prince Ribbit
  9267 | D:9      | Killed Prince Ribbit
  9572 | D:9      | Gained mutation: You have a pair of horns on your head.
                  | [demonic ancestry]
  9572 | D:9      | Reached XP level 11. HP: 92/92 MP: 11/11
  9580 | D:9      | Reached skill level 11 in Fighting
  9872 | D:9      | Noticed Amaemon
  9884 | D:9      | Killed Amaemon
  9885 | D:9      | Reached skill level 10 in Axes
 10611 | D:10     | Entered Level 10 of the Dungeon
 11098 | D:10     | Found a staircase to the Lair.
 11110 | D:10     | Reached *** piety under Makhleb
 11146 | D:10     | Killed from afar by an acid dragon

Illustrated notes

Levels and vault maps discovered:
D:1:      ebering_hopf_link, layout_basic
D:2:      layout_basic
D:3:      layout_loops_ring, eat_drink_and_be_merry_uskayaw,
          nicolae_qazlal_general_emergency, gup_sewer_entry_bowl,
          dreamdust_ecumenical_altar_statues, dk_noncrumbling_4,
          minmay_shallow_snake_nest
D:4:      layout_loops_cross, roderic_batcave, uniq_robin, uniq_duvessa,
          uniq_grinder
D:5:      layout_rooms, serial_shops, nicolae_stop_n_shop_2
D:6:      layout_basic, jmf_multi_god_temple2, uniq_crazy_yiuf_cottage
D:7:      layout_loops_corners, mainiacjoe_overflow_catwalk,
          lemuel_doored_altar, minmay_temple_entry_hall,
          lightli_bailey_entry_fortress, serial_undead, serial_undead_a,
          serial_undead_c, serial_undead_b, serial_undead_d
D:8:      layout_basic, mainiacjoe_overflow_boulevard
D:9:      layout_loops_ring, minmay_misc_feat_x, grunt_decor_cap,
          hangedman_incinerator, uniq_amaemon, uniq_prince_ribbit1
D:10:     layout_cave_pools, mainiacjoe_overflow_alcove_2,
          minmay_lair_entry_grove
Temple:   dpeg_chambers_temple

Skill      XL: |  1  2  3  4  5  6  7  8  9 10 11 |
---------------+----------------------------------+-----
Axes           | 2 3 4 5 6 8 9 10 | 10.6
Shields        | 3 4 |  4.0
Armour         | 3 4 5 6 7 8 |  8.2
Fighting       | 4 5 6 7 9 10 11 | 11.8

Action                     |  1- 3 |  4- 6 |  7- 9 | 10-12 || total
---------------------------+-------+-------+-------+-------++-------
  Melee: War axe           |    97 |   279 |   250 |       ||   626
         Headbutt          |    11 |    35 |    85 |    59 ||   190
         Mace              |       |       |   132 |    55 ||   187
         Battleaxe         |       |       |       |   222 ||   222
         Kick              |       |       |       |    48 ||    48
  Evoke: Wand              |       |       |     6 |       ||     6
    Use: Potion            |       |     5 |     2 |     7 ||    14
         Scroll            |       |       |     7 |     3 ||    10
   Stab: Sleeping          |       |       |     1 |       ||     1
         Invisible         |       |       |     1 |       ||     1
 Armour: Scale mail        |    26 |       |       |       ||    26
         Ring mail         |    51 |   126 |   165 |       ||   342
         Crystal plate arm |       |       |       |   272 ||   272
  Dodge: Dodged            |    84 |   129 |   175 |    65 ||   453
  Block: Buckler           |    40 |    96 |   235 |    28 ||   399
         Other             |       |       |       |    80 ||    80

Table legend: (Time is in decaauts)
 A = Elapsed time spent in this place.
 B = Non-inter-level travel time spent in this place.
 C = Inter-level travel time spent in this place.
 D = Time resting spent in this place.
 E = Time spent auto-exploring this place.
 F = Levels seen in this place.
 G = Mean time per level.
                   A        B        C        D        E       F      G
               +--------+--------+--------+--------+--------+-----+--------+
         Total |  11612 |  11225 |    387 |   1900 |   6904 |  13 |  893.2 |
       Dungeon |  10323 |   9951 |    372 |   1772 |   6212 |  10 | 1032.3 |
        Temple |     16 |      1 |     15 |      0 |      0 |   1 |   16.0 |
         Sewer |    953 |    953 |      0 |    128 |    519 |   1 |  953.0 |
        Bailey |    318 |    318 |      0 |      0 |    172 |   1 |  318.0 |
               +--------+--------+--------+--------+--------+-----+--------+

Top non-repeatable levels by time:
     D:9: 1749 daAuts
     D:6: 1514 daAuts
     D:7: 1319 daAuts
     D:8: 1077 daAuts
     D:4: 1040 daAuts
     D:3: 1002 daAuts
   Sewer: 953 daAuts
     D:2: 909 daAuts
     D:1: 838 daAuts
     D:5: 671 daAuts
  Bailey: 318 daAuts
    D:10: 200 daAuts
  Temple: 16 daAuts
